 Dungeon Crawl Stone Soup version 0.29.1-1-gd02db6906a (webtiles) character file.

Game seed: 15721905368151488808

1328 MrElixer the Trooper (level 8, -4/53 (73) HPs)
             Began as a Minotaur Berserker on Oct 10, 2022.
             Was a Priest of Trog.
             Killed from afar by a gargoyle (18 damage)
             ... with a stone arrow
             ... on level 5 of the Dungeon on Oct 11, 2022.
             The game lasted 00:15:41 (4084 turns).

MrElixer the Trooper (Minotaur Berserker)           Turns: 4084, Time: 00:15:41

HP:   -4/53 (73)    AC: 17    Str: 22    XL:     8   Next: 34%
MP:   9/16          EV: 12    Int:  4    God:    Trog [***...]
Gold: 139           SH:  0    Dex: 12    Spells: 7/7 levels left

rFire   . . .      SeeInvis .   f - +2 halberd (venom)
rCold   . . .      Faith    .   (shield currently unavailable)
rNeg    + . .      Spirit   .   j - +6 scale mail of Ynoq {rN+}
rPois   .          Reflect  .   (helmet restricted)
rElec   .          Harm     .   m - scarf {+Inv}
rCorr   .          Rampage  .   (no gloves)
Will    .....                   (no boots)
Stlth   ..........              (no amulet)
HPRegen 0.17/turn               q - ring of magical power
MPRegen 0.15/turn               (no ring)

@: very heavily drained, unable to drink
A: horns 2, retaliatory headbutt, claws 1, iridescent scales 2, inability to
drink after injury 1
a: Renounce Religion, Evoke Invisibility, Berserk, Trog's Hand


You were on level 5 of the Dungeon.
You worshipped Trog.
Trog was most pleased with you.
You visited 1 branch of the dungeon, and saw 5 of its levels.

You collected 188 gold pieces.
You spent 49 gold pieces at shops.

Inventory:

Hand Weapons
 a - a +0 spear
 c - a +1 mace of protection
 f - a +2 halberd of venom (weapon)
 g - a +1 whip of flaming
Armour
 b - a +0 animal skin
 i - a +0 leather armour
 j - the +6 scale mail of Ynoq (worn) {rN+}
   (You found it on level 4 of the Dungeon)

   rN:        It protects you from negative energy.
 k - a +1 chain mail
 m - a scarf of invisibility (worn)
 p - a +0 ring mail
Jewellery
 q - a ring of magical power (left claw)
Wands
 r - a wand of mindburst (17)
 v - a wand of polymorph (9)
Scrolls
 h - a scroll of enchant weapon
 l - a scroll of acquirement
 n - 5 scrolls of identify
 o - 4 scrolls of teleportation
 u - a scroll of blinking {unknown}
Potions
 d - a potion of magic
 e - a potion of brilliance
 s - 2 potions of flight
 t - a potion of curing {unknown}


   Skills:
 + Level 7.0 Fighting
 + Level 5.7 Maces & Flails
 - Level 4.0 Polearms
 + Level 6.5 Armour
 + Level 5.8 Dodging


You had 7 spell levels left.
You didn't know any spells.
Your spell library contained the following spells:

 Spells                   Type           Power      Damage    Failure   Level
 Apportation              Tloc           0%         N/A       80%         1
 Ozocubu's Armour         Ice            0%         N/A       99%         3
 Alistair's Intoxication  Tmut/Pois      0%         N/A       100%        5
 Metabolic Englaciation   Hex/Ice        0%         N/A       100%        5
 Simulacrum               Ice/Necr       0%         N/A       100%        6


Dungeon Overview and Level Annotations

Branches:
Dungeon (5/15)
 Temple: D:4-7

Altars:
Cheibriados
Trog
Vehumet
Xom

Shops:
D:2 [

Annotations:
D:3 2 transporters
D:4 2 transporters


Innate Abilities, Weirdness & Mutations

You have a pair of horns on your head.
You reflexively headbutt those who attack you in melee.
You have sharp fingernails.
You are mostly covered in iridescent scales. (AC +4)
You occasionally lose the ability to drink potions when taking damage.


Message History

The gargoyle hits you but does no damage.
The phantom barely misses you. The phantom attacks as you move away!
The phantom barely misses you.
You barely miss the phantom.
The phantom is moderately damaged.
The phantom barely misses you.
The phantom hits you but does no damage.
The phantom attacks as you move away!
The phantom hits you but does no damage.
The phantom attacks as you move away! The phantom hits you.
You feel drained.
You fail to use your ability.
The phantom hits you but does no damage.
The phantom attacks as you move away!
The phantom hits you but does no damage.
You feel drained.
You fail to use your ability.
The phantom hits you.
The phantom blinks!
You blink.
You feel your magic capacity increase.
q - a ring of magical power (left claw)
You feel drained.
You fail to use your ability.
The gargoyle hurls a stone arrow at you.
The stone arrow misses you. The phantom hits you.
The gargoyle hurls a stone arrow at you.
The stone arrow hits you!
You feel threatened and lose the ability to drink potions!
* * * LOW HITPOINT WARNING * * *
You can drink potions again.
The gargoyle hurls a stone arrow at you.
The stone arrow misses you. The phantom attacks as you move away!
The phantom hits you but does no damage.
The phantom attacks as you move away! The phantom misses you.
The phantom attacks as you move away!
The phantom hits you but does no damage.
The phantom attacks as you move away! The phantom closely misses you.
The phantom attacks as you move away! The phantom hits you.
* * * LOW HITPOINT WARNING * * *
The gargoyle hurls a stone arrow at you.
The stone arrow hits you!!
You feel threatened and lose the ability to drink potions!
You die...

#.# ### #.. ##.## #.. #.
#...# ### .##. #...# ..
.....### #...#######
#.##.##...## #.........#
#...#.....######...#####.##
#...>...................##
#.......@.............<..
#.....W..........รท......#
..#.....#####....#.###.##
#.9..## #...........#
#.#### #......#####. #.#
#....#..## ## #.#### #9#
#........# # #.....# #.#
#.......##### #.##...## #.#
##.####.......


You could see a gargoyle and a phantom.

Vanquished Creatures
  Pikel (D:4)
  Menkaure (D:5)
  A black bear (D:5)
  A lemure (D:4)
  2 necrophages
  A scorpion (D:4)
  A vampire bat (D:3)
  3 hounds
  An iron imp (D:3)
  Natasha (thrice) (D:3)
  4 iguanas
  6 adders
  A white imp (D:5)
  2 worms (D:3)
  3 dart slugs
  2 orcs
  10 endoplasms
  2 giant cockroaches
  6 goblins
  9 hobgoblins
  8 jackals
  5 kobolds
  3 quokkas
  7 ball pythons
  10 bats
  A frilled lizard (D:3)
  6 rats
100 creatures vanquished.

Vanquished Creatures (others)
  5 plants (D:4)
5 creatures vanquished.

Grand Total: 105 creatures vanquished

Notes
Turn   | Place    | Note
-------+----------+-------------------------------------------
     0 | D:1      | MrElixer the Minotaur Berserker began the quest for the
                  | Orb.
     0 | D:1      | Reached XP level 1. HP: 19/19 MP: 0/0
   226 | D:1      | Reached XP level 2. HP: 19/27 MP: 1/1
   430 | D:1      | Reached skill level 1 in Maces & Flails
   593 | D:2      | Reached skill level 4 in Fighting
   595 | D:2      | Reached XP level 3. HP: 30/33 MP: 2/2
   597 | D:2      | Reached ** piety under Trog
   784 | D:2      | Found a faded altar of an unknown god.
  1035 | D:2      | Found Paacablu's Armour Shoppe.
  1039 | D:2      | Bought a +0 chain mail for 49 gold pieces
  1260 | D:3      | Reached XP level 4. HP: 33/40 MP: 3/3
  1333 | D:3      | Found a bloodstained altar of Trog.
  1342 | D:3      | Found a transporter.
  1356 | D:3      | Noticed Natasha
  1366 | D:3      | Killed Natasha
  1432 | D:3      | Found a transporter.
  1505 | D:3      | Found a snail-covered altar of Cheibriados.
  1590 | D:3      | Reached XP level 5. HP: 47/47 MP: 4/4
  1674 | D:3      | Noticed Natasha
  1684 | D:3      | Killed Natasha
  2156 | D:3      | Noticed Natasha
  2166 | D:3      | Killed Natasha
  2333 | D:3      | Reached skill level 5 in Fighting
  2349 | D:3      | Gained mutation: You have sharp fingernails. [potion of
                  | mutation]
  2349 | D:3      | Gained mutation: You are partially covered in iridescent
                  | scales. (AC +2) [potion of mutation]
  2349 | D:3      | Gained mutation: You occasionally lose the ability to drink
                  | potions when taking damage. [potion of mutation]
  2349 | D:3      | Gained mutation: You are mostly covered in iridescent
                  | scales. (AC +4) [potion of mutation]
  2672 | D:4      | Reached XP level 6. HP: 47/56 MP: 5/5
  2767 | D:4      | Found a shimmering altar of Xom.
  2768 | D:4      | Found a radiant altar of Vehumet.
  2779 | D:4      | Reached *** piety under Trog
  2942 | D:4      | Noticed Pikel
  2960 | D:4      | Killed Pikel
  2961 | D:4      | Reached skill level 6 in Fighting
  2961 | D:4      | Reached skill level 5 in Armour
  2961 | D:4      | Reached skill level 5 in Dodging
  2961 | D:4      | Reached XP level 7. HP: 53/63 MP: 6/6
  3124 | D:4      | Identified the +6 scale mail of Ynoq {rN+}
  3141 | D:4      | Identified 2 scrolls of acquirement
  3141 | D:4      | Acquired a +2 halberd of venom
  3248 | D:4      | Found a transporter.
  3255 | D:4      | Found a transporter.
  3463 | D:4      | Reached skill level 5 in Maces & Flails
  3643 | D:4      | Identified the +4 halberd "Kafaos" {venom, rF+ rCorr}
  3788 | D:5      | Entered Level 5 of the Dungeon
  3797 | D:5      | Reached XP level 8. HP: 70/71 MP: 7/7
  3944 | D:5      | Noticed Menkaure
  3948 | D:5      | Killed Menkaure
  4033 | D:5      | Reached skill level 7 in Fighting
  4049 | D:5      | Noticed a gargoyle
  4084 | D:5      | Killed from afar by a gargoyle

Illustrated notes

Levels and vault maps discovered:
D:1:      wander_arrival_estate, layout_basic, st_stairs_7
D:2:      layout_basic, dreamdust_ecumenical_altar_statues, serial_shops,
          nicolae_shop_stone
D:3:      gammafunk_wand_slinger, layout_basic, slow_altar_2,
          lemuel_doored_altar, roderic_batcave, uniq_natasha
D:4:      layout_loops_corners, mainiacjoe_overflow_large_starburst,
          gammafunk_ghost_gnarly_gnolls, uniq_pikel
D:5:      lemuel_castle_with_subvaults [lemuel_castle_interior_carwin_2],
          layout_loops_cross, palyth_stone_intersect, minmay_manual_moon,
          uniq_menkaure

Skill      XL: |  1  2  3  4  5  6  7  8 |
---------------+-------------------------+-----
Maces & Flails | 1 2 3 4 5 |  5.7
Fighting       | 4 5 6 7 |  7.0
Polearms       | 4 |  4.0
Armour         | 3 4 5 6 |  6.5
Dodging        | 3 5 |  5.8

Action                   |  1- 3 |  4- 6 |  7- 9 || total
-------------------------+-------+-------+-------++-------
Melee: Spear             |     7 |       |       ||     7
       Mace              |    68 |   125 |     8 ||   201
       Headbutt          |    13 |    11 |    10 ||    34
       Punch             |       |     1 |       ||     1
       Halberd           |       |       |    59 ||    59
Invok: Berserk           |       |     2 |       ||     2
  Use: Scroll            |     3 |     5 |     2 ||    10
       Potion            |       |     5 |       ||     5
Armor: Animal skin       |    28 |       |       ||    28
       Chain mail        |     9 |    93 |     3 ||   105
       Scale mail        |       |       |    37 ||    37
Dodge: Dodged            |    72 |    81 |    52 ||   205
